 Dungeon Crawl Stone Soup version 0.29.1-2-gbd0b4ee654 (webtiles) character file.

Game seed: 7886225544649168010

120 zeram the Shield-Bearer (level 4, 0/27 HPs)
             Began as a Deep Elf Fighter on Nov 18, 2022.
             Slain by a scorpion (6 damage)
             ... on level 4 of the Dungeon.
             The game lasted 00:02:43 (3479 turns).

zeram the Shield-Bearer (Deep Elf Fighter)          Turns: 3479, Time: 00:02:44

Health: 0/27       AC:  6    Str: 13    XL:     4   Next: 75%
Magic:  6/6        EV:  9    Int: 15    God:
Gold:   217        SH:  5    Dex: 14    Spells: 3/3 levels left

rFire   . . .      SeeInvis .   l - +0 whip (drain)
rCold   . . .      Faith    .   c - +0 buckler
rNeg    . . .      Spirit   .   b - +0 scale mail
rPois   .          Reflect  .   (no helmet)
rElec   .          Harm     .   (no cloak)
rCorr   .          Rampage  .   (no gloves)
Will    +....                   (no boots)
Stlth   ..........              (no amulet)
HPRegen 0.09/turn               n - ring of willpower
MPRegen 0.10/turn               (no ring)

@: mighty, lethally poisoned (0 -> -4)
A: no striking features
a: no special abilities


You were on level 4 of the Dungeon.
You visited 1 branch of the dungeon, and saw 4 of its levels.

You collected 217 gold pieces.

Inventory:

Hand Weapons
 a - a +0 rapier
 l - a +0 whip of draining (weapon)
Armour
 b - a +0 scale mail (worn)
 c - a +0 buckler (worn)
Jewellery
 n - a ring of willpower (left hand)
Wands
 s - a wand of flame (28)
Scrolls
 g - a scroll of teleportation {unknown}
 h - 2 scrolls of noise {unknown}
 k - 2 scrolls of amnesia {unknown}
 o - a scroll of enchant weapon {unknown}
 p - 2 scrolls of identify {unknown}
 r - 2 scrolls of fear {unknown}
Potions
 e - a potion of attraction {unknown}
 f - a potion of invisibility {unknown}
 i - 3 potions of flight {unknown}
 j - a potion of degeneration {unknown}
 m - a potion of ambrosia {unknown}
 q - 3 potions of curing {unknown}


   Skills:
 - Level 2.4 Fighting
 - Level 2.0 Short Blades
 - Level 2.4 Armour
 + Level 2.4 Dodging
 + Level 4.1 Shields


You had 3 spell levels left.
You didn't know any spells.
Your spell library contained the following spells:

 Spells                   Type           Power      Damage    Failure   Level
 Sublimation of Blood     Necr           0%         N/A       94%         2
 Wereblood                Tmut           0%         N/A       94%         2
 Gell's Gravitas          Tloc           0%         N/A       99%         3
 Lesser Beckoning         Tloc           0%         N/A       99%         3
 Teleport Other           Tloc           0%         N/A       99%         3
 Summon Hydra             Summ           0%         N/A       100%        7


Dungeon Overview and Level Annotations

Branches:
Dungeon (4/15)
 Temple: D:4-7

Altars:

Annotations:
D:3 Natasha


Message History

You hit the orc. You drain the orc.
You kill the orc!
You block the orc's attack.
You hit the orc but do no damage. The orc hits you with a +0 hand axe.
The orc hits you but does no damage.
Unknown command.
You barely miss the orc. You block the orc's attack.
You closely miss the orc. The orc hits you but does no damage.
You hit the orc. You drain the orc.
You kill the orc!
No target in view!
Natasha, Servant of Life and Death comes into view.
Natasha hisses angrily.
There is a stone staircase leading down here.
You climb downwards.
The endoplasm quivers.
There is a stone staircase leading up here.
You hit the endoplasm but do no damage.
The endoplasm hits you but does no damage.
You completely miss the endoplasm. The endoplasm hits you.
You hit the endoplasm.
You kill the endoplasm!
You feel very mighty all of a sudden. The scorpion stings you.
You closely miss the scorpion. The scorpion stings you.
You are poisoned.
The scorpion poisons you!
Unknown command.
You closely miss the scorpion.
You feel very sick. You block the scorpion's attack.
The scorpion barely misses you.
You whack the scorpion!
The scorpion is heavily wounded.
You feel sick. You block the scorpion's attack.
You barely miss the scorpion.
The scorpion is heavily wounded.
You feel sick. The scorpion stings you.
* * * LOW HITPOINT WARNING * * *
The scorpion stings you.
You die...

.........####
............#
............
#.........#
.#.........#
...........##
#..........##
#.@.....#
.......s.....#
.......###..##
###...# ##
#.... ......
...## ...


You could see a scorpion.

Vanquished Creatures
  Natasha (D:3)
  An orc wizard (D:3)
  2 adders (D:2)
  2 worms (D:2)
  A dart slug (D:1)
  2 orcs (D:3)
  5 bats (D:1)
  7 endoplasms
  A giant cockroach (D:1)
  4 goblins
  5 hobgoblins
  2 jackals (D:3)
  3 kobolds
  3 quokkas
  7 ball pythons
  3 frilled lizards
  3 rats
52 creatures vanquished.

Notes
Turn   | Place    | Note
-------+----------+-------------------------------------------
     0 | D:1      | zeram the Deep Elf Fighter began the quest for the Orb.
     0 | D:1      | Reached XP level 1. HP: 13/13 MP: 3/3
   232 | D:1      | Reached skill level 3 in Shields
   232 | D:1      | Reached XP level 2. HP: 18/18 MP: 4/4
  1221 | D:1      | Reached XP level 3. HP: 16/22 MP: 5/5
  1642 | D:2      | Reached skill level 1 in Dodging
  2443 | D:2      | Reached XP level 4. HP: 24/24 MP: 6/6
  2915 | D:3      | Noticed Natasha
  2923 | D:3      | Killed Natasha
  3135 | D:3      | Reached skill level 4 in Shields
  3466 | D:3      | Noticed Natasha
  3471 | D:4      | Noticed a scorpion
  3479 | D:4      | Slain by a scorpion

Illustrated notes

Levels and vault maps discovered:
D:1:      kennysheep_arrival_seaside, layout_basic,
          chequers_serial_rivers_micro_b
D:2:      layout_basic
D:3:      layout_loops_cross, ebering_ghost_inner_flame, uniq_natasha
D:4:      layout_cave_pools, serial_shops, nicolae_lakefront_shop

Skill      XL: |  1  2  3  4 |
---------------+-------------+-----
Shields        | 3 4 |  4.1
Dodging        | 1 2 |  2.4
Fighting       | |  2.4
Short Blades   | |  2.0
Armour         | |  2.4

Action                   |  1- 3 |  4- 6 || total
-------------------------+-------+-------++-------
Melee: Rapier            |   121 |       ||   121
       Whip              |    32 |    43 ||    75
  Use: Potion            |       |     1 ||     1
Armor: Scale mail        |    81 |    18 ||    99
Dodge: Dodged            |    68 |    16 ||    84
Block: Buckler           |    30 |    11 ||    41
